| TOP OF THE 1ST |
|
Milwaukee Otters batting - Pitching for Bluff City Beasties : RHP Mike J Grace
|
|
Pitching: RHP Mike J Grace
|
|
|
Batting: RHB Chris Sabo
|
0-0: Called Strike 0-1: SINGLE (Line Drive, 5D, EV 95.0 MPH)
|
|
Batting: RHB Carlos A. Martinez
|
0-0: Called Strike 0-1: Reached on error, E1 (Groundball, 15S, EV 68.8 MPH) Chris Sabo to second
|
|
Batting: LHB Brady Anderson
|
0-0: Swinging Strike 0-1: Foul Ball, location: 2F 0-2: Ball 1-2: Ball 2-2: Ball 3-2: Fielders Choice at 2nd, 4-6 (Groundball, 4, EV 99.4 MPH) Chris Sabo to third
|
|
Batting: LHB Oddibe McDowell
|
0-0: Swinging Strike 0-1: Ball 1-1: Swinging Strike 1-2: Strikes out swinging
|
|
Batting: RHB Cal Ripken Jr.
|
0-0: Ball 1-0: Ground out 1-3 (Groundball, 13S, EV 68.1 MPH)
|
| Top of the 1st over - 0 runs, 1 hit, 1 error, 2 left on base; Milwaukee 0 - Bluff City 0 |
| BOTTOM OF THE 1ST |
|
Bluff City Beasties batting - Pitching for Milwaukee Otters : RHP Jose Silva
|
|
Pitching: RHP Jose Silva
|
|
|
Batting: SHB Felix Jose
|
0-0: Ball 1-0: Swinging Strike 1-1: Ground out 4-3 (Groundball, 4, EV 88.8 MPH)
|
|
Batting: LHB Jeff Treadway
|
0-0: Called Strike 0-1: Ball 1-1: Ball 2-1: Foul Ball, location: 2F 2-2: DOUBLE (Groundball, 3L, EV 104.4 MPH)
|
|
Batting: LHB Phil Plantier
|
0-0: Called Strike 0-1: Foul Ball, location: 2F 0-2: Reached on error, E1 (Groundball, 13, EV 79.4 MPH) Jeff Treadway to third
|
|
Batting: LHB Paul Sorrento
|
0-0: Foul Ball, location: 2F 0-1: SINGLE (Groundball, 4MD, EV 98.1 MPH) Jeff Treadway scores Phil Plantier to second
|
|
Batting: RHB Jeff Manto
|
0-0: SINGLE (Groundball, 4MD, EV 98.1 MPH) Phil Plantier to third Paul Sorrento to second
|
|
Batting: RHB Tom Evans
|
0-0: Fly out, F8 (Flyball, 8RS, EV 95.6 MPH)
|
|
Batting: RHB Angelo Encarnacion
|
0-0: Ball 1-0: Called Strike 1-1: Ball 2-1: Called Strike 2-2: Fly out, F9 (Flyball, 9LS, EV 78.1 MPH)
|
| Bottom of the 1st over - 1 run, 3 hits, 1 error, 3 left on base; Milwaukee 0 - Bluff City 1 |
| TOP OF THE 2ND |
|
Milwaukee Otters batting - Pitching for Bluff City Beasties : RHP Mike J Grace
|
|
Batting: RHB Robby Thompson
|
0-0: Called Strike 0-1: SINGLE (Flyball, 89S, EV 86.3 MPH)
|
|
Batting: SHB Desi Relaford
|
0-0: Called Strike 0-1: Ball 1-1: Ball 2-1: Swinging Strike 2-2: Strikes out swinging
|
|
Batting: RHB Joe Vitiello
|
0-0: Called Strike 0-1: Grounds into double play, 4-6-3 (Groundball, 4, EV 91.3 MPH)
|
| Top of the 2nd over - 0 runs, 1 hit, 0 errors, 0 left on base; Milwaukee 0 - Bluff City 1 |
| BOTTOM OF THE 2ND |
|
Bluff City Beasties batting - Pitching for Milwaukee Otters : RHP Jose Silva
|
|
Batting: RHB Pat Watkins
|
0-0: Called Strike 0-1: Ball 1-1: SINGLE (Groundball, 6, EV 89.4 MPH) (infield hit)
|
|
Batting: SHB Jesus Tavarez
|
0-0: Ball 1-0: Ball Pat Watkins steals 2nd base 2-0: Called Strike 2-1: Ball 3-1: Fly out, F7 (Flyball, 78M, EV 87.5 MPH)
|
|
Batting: SHB Felix Jose
|
0-0: Swinging Strike 0-1: Ball 1-1: Swinging Strike 1-2: Ground out 4-3 (Groundball, 4, EV 81.3 MPH) Pat Watkins to third
|
|
Batting: LHB Jeff Treadway
|
0-0: Called Strike 0-1: Called Strike 0-2: Ball 1-2: Fly out, F9 (Flyball, 9, EV 87.5 MPH)
|
| Bottom of the 2nd over - 0 runs, 1 hit, 0 errors, 1 left on base; Milwaukee 0 - Bluff City 1 |
| TOP OF THE 3RD |
|
Milwaukee Otters batting - Pitching for Bluff City Beasties : RHP Mike J Grace
|
|
Batting: RHB Brian Harper
|
0-0: Called Strike 0-1: Called Strike 0-2: Foul Ball, location: 2F 0-2: Foul Ball, location: 2F 0-2: Strikes out swinging
|
|
Batting: RHB Chris Sabo
|
0-0: Ball 1-0: Fly out, F8 (Flyball, 89D, EV 103.1 MPH)
|
|
Batting: RHB Carlos A. Martinez
|
0-0: Ball 1-0: Foul Ball, location: 2F 1-1: Foul Ball, location: 2F 1-2: Strikes out swinging
|
| Top of the 3rd over - 0 runs, 0 hits, 0 errors, 0 left on base; Milwaukee 0 - Bluff City 1 |
| BOTTOM OF THE 3RD |
|
Bluff City Beasties batting - Pitching for Milwaukee Otters : RHP Jose Silva
|
|
Batting: LHB Phil Plantier
|
0-0: Ball 1-0: SINGLE (Line Drive, 8LS, EV 108.8 MPH)
|
|
Batting: LHB Paul Sorrento
|
0-0: Ball 1-0: Ball 2-0: Ball 3-0: Called Strike 3-1: Called Strike 3-2: Base on Balls Phil Plantier to second
|
|
Batting: RHB Jeff Manto
|
0-0: Called Strike 0-1: Fly out, F8 (Flyball, 8RS, EV 86.3 MPH)
|
|
Batting: RHB Tom Evans
|
0-0: Called Strike 0-1: Ball 1-1: Ball 2-1: Foul Ball, location: 2F 2-2: Fly out, F8 (Flyball, 8RS, EV 87.5 MPH)
|
|
Batting: RHB Angelo Encarnacion
|
0-0: Ball 1-0: Called Strike 1-1: Ball 2-1: Fly out, F7 (Flyball, 7S, EV 81.3 MPH)
|
| Bottom of the 3rd over - 0 runs, 1 hit, 0 errors, 2 left on base; Milwaukee 0 - Bluff City 1 |
| TOP OF THE 4TH |
|
Milwaukee Otters batting - Pitching for Bluff City Beasties : RHP Mike J Grace
|
|
Batting: LHB Brady Anderson
|
0-0: Ball 1-0: Ball 2-0: Foul Ball, location: 2F 2-1: Ball 3-1: Fly out, F8 (Flyball, 8LXD, EV 100.6 MPH)
|
|
Batting: LHB Oddibe McDowell
|
0-0: Ball 1-0: Ball 2-0: Called Strike 2-1: Foul Ball, location: 2F 2-2: Foul Ball, location: 2F 2-2: Foul Ball, location: 2F 2-2: SINGLE (Groundball, 5L, EV 109.4 MPH)
|
|
Batting: RHB Cal Ripken Jr.
|
0-0: Fly out, F8 (Flyball, 8RM, EV 90.0 MPH)
|
|
Batting: RHB Robby Thompson
|
0-0: Ball 1-0: Ball Oddibe McDowell steals 2nd base 2-0: Foul Ball, location: 2F 2-1: Foul Ball, location: 2F 2-2: DOUBLE (Flyball, 78XD, EV 89.4 MPH) Oddibe McDowell scores
|
|
Batting: SHB Desi Relaford
|
0-0: Called Strike 0-1: Foul Ball, location: 2F 0-2: Strikes out swinging
|
| Top of the 4th over - 1 run, 2 hits, 0 errors, 1 left on base; Milwaukee 1 - Bluff City 1 |
| BOTTOM OF THE 4TH |
|
Bluff City Beasties batting - Pitching for Milwaukee Otters : RHP Jose Silva
|
|
Batting: RHB Pat Watkins
|
0-0: Ground out 5-3 (Groundball, 56S, EV 66.3 MPH)
|
|
Batting: SHB Jesus Tavarez
|
0-0: SINGLE (Line Drive, 7S, EV 105.0 MPH)
|
|
Batting: SHB Felix Jose
|
0-0: Ball Jesus Tavarez steals 2nd base 1-0: Called Strike 1-1: Swinging Strike 1-2: Ball 2-2: Ball 3-2: 2-RUN HOME RUN (Line Drive, 9D, EV 101.3 MPH), Distance : 407 ft
|
|
Batting: LHB Jeff Treadway
|
0-0: Called Strike 0-1: SINGLE (Line Drive, 7S, EV 103.1 MPH)
|
|
Batting: LHB Phil Plantier
|
0-0: Called Strike 0-1: Called Strike 0-2: Ball 1-2: Foul Ball, location: 2F 1-2: Strikes out swinging
|
|
Batting: LHB Paul Sorrento
|
0-0: Ball 1-0: Ball 2-0: Ball 3-0: Base on Balls Jeff Treadway to second
|
|
Batting: RHB Jeff Manto
|
0-0: Foul Ball, location: 2F 0-1: Swinging Strike 0-2: Foul Ball, location: 2F 0-2: Ball 1-2: DOUBLE (Flyball, 78D, EV 98.1 MPH) Jeff Treadway scores Paul Sorrento to third Runner from 3rd tries for Home, SAFE, no throw by LF
|
|
Batting: RHB Tom Evans
|
0-0: Called Strike 0-1: DOUBLE (Line Drive, 78M, EV 98.8 MPH) Jeff Manto scores
|
|
Pitching: RHP Mark Clear
|
|
|
Batting: RHB Angelo Encarnacion
|
0-0: Ball 1-0: Called Strike 1-1: Ball 2-1: Foul Ball, location: 2F 2-2: SINGLE (Groundball, 6, EV 99.4 MPH) (infield hit) Tom Evans to third
|
|
Batting: RHB Pat Watkins
|
0-0: Ball 1-0: Ball 2-0: Foul Ball, location: 2F 2-1: Foul Ball, location: 2F 2-2: Strikes out swinging
|
| Bottom of the 4th over - 5 runs, 6 hits, 0 errors, 2 left on base; Milwaukee 1 - Bluff City 6 |
| TOP OF THE 5TH |
|
Milwaukee Otters batting - Pitching for Bluff City Beasties : RHP Mike J Grace
|
|
Batting: RHB Joe Vitiello
|
0-0: Called Strike 0-1: Ground out U3 (Groundball, 34, EV 88.1 MPH)
|
|
Batting: RHB Brian Harper
|
0-0: Ball 1-0: Ball 2-0: Called Strike 2-1: Called Strike 2-2: Strikes out looking
|
|
Batting: RHB Chris Sabo
|
0-0: Ball 1-0: Swinging Strike 1-1: Ground out 1-3 (Groundball, 15S, EV 66.9 MPH)
|
| Top of the 5th over - 0 runs, 0 hits, 0 errors, 0 left on base; Milwaukee 1 - Bluff City 6 |
| BOTTOM OF THE 5TH |
|
Bluff City Beasties batting - Pitching for Milwaukee Otters : RHP Mark Clear
|
|
Batting: SHB Jesus Tavarez
|
0-0: Ball 1-0: Ball 2-0: Called Strike 2-1: Called Strike 2-2: Fly out, F8 (Line Drive, 8RD, EV 91.9 MPH)
|
|
Batting: SHB Felix Jose
|
0-0: Ball 1-0: Called Strike 1-1: Ball 2-1: Called Strike 2-2: Foul Ball, location: 2F 2-2: Foul Ball, location: 2F 2-2: Strikes out swinging
|
|
Batting: LHB Jeff Treadway
|
0-0: Ball 1-0: Foul Ball, location: 2F 1-1: Fly out, F8 (Line Drive, 8LD, EV 91.9 MPH)
|
| Bottom of the 5th over - 0 runs, 0 hits, 0 errors, 0 left on base; Milwaukee 1 - Bluff City 6 |
| TOP OF THE 6TH |
|
Milwaukee Otters batting - Pitching for Bluff City Beasties : RHP Mike J Grace
|
|
Pitching: RHP John LeRoy
|
|
|
Batting: RHB Carlos A. Martinez
|
0-0: Swinging Strike 0-1: Swinging Strike 0-2: Strikes out looking
|
|
Batting: LHB Brady Anderson
|
0-0: Swinging Strike 0-1: Called Strike 0-2: Strikes out swinging
|
|
Batting: LHB Oddibe McDowell
|
0-0: Ball 1-0: Ball 2-0: SINGLE (Line Drive, 7S, EV 90.6 MPH)
|
|
Batting: RHB Cal Ripken Jr.
|
0-0: Called Strike 0-1: Swinging Strike 0-2: Foul Ball, location: 2F 0-2: Ball 1-2: Fly out, F5 (Popup, 25F, EV 85.0 MPH)
|
| Top of the 6th over - 0 runs, 1 hit, 0 errors, 1 left on base; Milwaukee 1 - Bluff City 6 |
| BOTTOM OF THE 6TH |
|
Bluff City Beasties batting - Pitching for Milwaukee Otters : RHP Mark Clear
|
|
Batting: LHB Phil Plantier
|
0-0: Called Strike 0-1: Ground out U3 (Groundball, 34S, EV 81.3 MPH)
|
|
Batting: LHB Paul Sorrento
|
0-0: Called Strike 0-1: SINGLE (Groundball, 34D, EV 93.8 MPH)
|
|
Pitching: RHP Todd Ritchie
|
|
|
Batting: RHB Jeff Manto
|
0-0: Swinging Strike 0-1: Ball 1-1: DOUBLE (Line Drive, 7LM, EV 101.9 MPH) Paul Sorrento to third
|
|
Batting: RHB Tom Evans
|
0-0: Foul Ball, location: 2F 0-1: Called Strike 0-2: Ball 1-2: Ball 2-2: SINGLE (Line Drive, 4D, EV 106.9 MPH) Paul Sorrento scores Jeff Manto to third
|
|
Batting: RHB Angelo Encarnacion
|
0-0: Ball 1-0: Ball 2-0: Foul Ball, location: 2F 2-1: Ball 3-1: Called Strike 3-2: Foul Ball, location: 2F 3-2: Fly out, F8 (Line Drive, 8RD, EV 90.6 MPH) Runner from 3rd tags up, OUT at HOME! 8-2
|
| Bottom of the 6th over - 1 run, 3 hits, 0 errors, 1 left on base; Milwaukee 1 - Bluff City 7 |
| TOP OF THE 7TH |
|
Milwaukee Otters batting - Pitching for Bluff City Beasties : RHP John LeRoy
|
|
Batting: RHB Robby Thompson
|
0-0: Swinging Strike 0-1: SINGLE (Groundball, 6MD, EV 100.6 MPH)
|
|
Batting: SHB Desi Relaford
|
0-0: Called Strike 0-1: 2-RUN HOME RUN (Flyball, 7D, EV 95.0 MPH), Distance : 363 ft
|
|
Batting: RHB Joe Vitiello
|
0-0: Ball 1-0: Called Strike 1-1: Called Strike 1-2: Ball 2-2: Ball 3-2: Strikes out swinging
|
|
Pitching: LHP Kevin Wickander
|
|
|
Batting: RHB Brian Harper
|
0-0: Called Strike 0-1: Swinging Strike 0-2: Foul Ball, location: 2F 0-2: Foul Ball, location: 2F 0-2: Ground out 4-3 (Groundball, 4M, EV 101.9 MPH)
|
|
Batting: RHB Chris Sabo
|
0-0: Ball 1-0: Ball 2-0: SINGLE (Line Drive, 56D, EV 95.6 MPH)
|
|
Batting: RHB Carlos A. Martinez
|
0-0: Called Strike 0-1: Foul Ball, location: 2F 0-2: Ball 1-2: Foul Ball, location: 2F 1-2: SINGLE (Line Drive, 89M, EV 110.6 MPH) Chris Sabo to second
|
|
Batting: LHB Brady Anderson
|
0-0: Ball 1-0: Ball 2-0: Ball 3-0: Base on Balls Chris Sabo to third Carlos A. Martinez to second
|
|
Batting: LHB Oddibe McDowell
|
0-0: Called Strike 0-1: Ball 1-1: Ball 2-1: Foul Ball, location: 2F 2-2: SINGLE (Groundball, 6, EV 91.3 MPH) (infield hit) Chris Sabo scores Carlos A. Martinez to third Brady Anderson to second
|
|
Batting: RHB Cal Ripken Jr.
|
0-0: Ball 1-0: Ball 2-0: Called Strike 2-1: GRAND SLAM HOME RUN (Flyball, 9LD, EV 101.3 MPH), Distance : 349 ft
|
|
Pitching: RHP Marty Janzen
|
|
|
Batting: RHB Robby Thompson
|
0-0: Ball 1-0: Called Strike 1-1: Ball 2-1: SINGLE (Line Drive, 78S, EV 93.1 MPH)
|
|
Batting: SHB Desi Relaford
|
0-0: Ground out 4-3 (Groundball, 4, EV 85.0 MPH)
|
| Top of the 7th over - 7 runs, 7 hits, 0 errors, 1 left on base; Milwaukee 8 - Bluff City 7 |
| BOTTOM OF THE 7TH |
|
Bluff City Beasties batting - Pitching for Milwaukee Otters : RHP Todd Ritchie
|
|
Batting: RHB Pat Watkins
|
0-0: DOUBLE (Line Drive, 78D, EV 105.0 MPH)
|
|
Pinch Hitting: RHB Roberto Kelly
|
0-0: Ball 1-0: Called Strike 1-1: Ball 2-1: Fly out, F7 (Flyball, 7S, EV 80.6 MPH)
|
|
Batting: SHB Felix Jose
|
0-0: Ball Pat Watkins steals 3rd base 1-0: Ball 2-0: Called Strike 2-1: Ball 3-1: SINGLE (Groundball, 56D, EV 93.8 MPH) Pat Watkins scores
|
|
Batting: LHB Jeff Treadway
|
0-0: Called Strike 0-1: Fielders Choice at 2nd, 1-6 (Groundball, 13, EV 82.5 MPH)
|
|
Batting: LHB Phil Plantier
|
0-0: Ball 1-0: Called Strike 1-1: Ball 2-1: Ball 3-1: Base on Balls Jeff Treadway to second
|
|
Batting: LHB Paul Sorrento
|
0-0: Foul Ball, location: 2F 0-1: Called Strike 0-2: Foul Ball, location: 2F 0-2: Ground out U3 (Groundball, 3, EV 103.1 MPH)
|
| Bottom of the 7th over - 1 run, 2 hits, 0 errors, 2 left on base; Milwaukee 8 - Bluff City 8 |
| TOP OF THE 8TH |
|
Milwaukee Otters batting - Pitching for Bluff City Beasties : RHP Marty Janzen
|
|
Now in LF: Roberto Kelly
|
|
|
Batting: RHB Joe Vitiello
|
0-0: Fly out, F4 (Line Drive, 4, EV 67.5 MPH)
|
|
Batting: RHB Brian Harper
|
0-0: Foul Ball, location: 2F 0-1: Foul Ball, location: 2F 0-2: Strikes out swinging
|
|
Batting: RHB Chris Sabo
|
0-0: SINGLE (Groundball, 6, EV 85.0 MPH) (infield hit)
|
|
Batting: RHB Carlos A. Martinez
|
0-0: Ball 1-0: Called Strike 1-1: Ball 2-1: Foul Ball, location: 2F 2-2: Strikes out swinging
|
| Top of the 8th over - 0 runs, 1 hit, 0 errors, 1 left on base; Milwaukee 8 - Bluff City 8 |
| BOTTOM OF THE 8TH |
|
Bluff City Beasties batting - Pitching for Milwaukee Otters : RHP Todd Ritchie
|
|
Pitching: RHP Marc Pisciotta
|
|
|
Batting: RHB Jeff Manto
|
0-0: Ball 1-0: Called Strike 1-1: Ball 2-1: Ball 3-1: Foul Ball, location: 2F 3-2: Foul Ball, location: 2F 3-2: Ground out 5-3 (Groundball, 56, EV 88.1 MPH)
|
|
Batting: RHB Tom Evans
|
0-0: Called Strike 0-1: Fly out, F8 (Flyball, 8LM, EV 78.1 MPH)
|
|
Batting: RHB Angelo Encarnacion
|
0-0: Fly out, F8 (Flyball, 8LD, EV 95.0 MPH)
|
| Bottom of the 8th over - 0 runs, 0 hits, 0 errors, 0 left on base; Milwaukee 8 - Bluff City 8 |
| TOP OF THE 9TH |
|
Milwaukee Otters batting - Pitching for Bluff City Beasties : RHP Marty Janzen
|
|
Batting: LHB Brady Anderson
|
0-0: Swinging Strike 0-1: Ball 1-1: Ball 2-1: Foul Ball, location: 2F 2-2: Ground out 1-3 (Groundball, 13S, EV 68.1 MPH)
|
|
Batting: LHB Oddibe McDowell
|
0-0: Ball 1-0: Fly out, F8 (Flyball, 8LD, EV 88.1 MPH)
|
|
Batting: RHB Cal Ripken Jr.
|
0-0: Ball 1-0: Foul Ball, location: 2F 1-1: Fly out, F7 (Flyball, 7LS, EV 95.6 MPH)
|
| Top of the 9th over - 0 runs, 0 hits, 0 errors, 0 left on base; Milwaukee 8 - Bluff City 8 |
| BOTTOM OF THE 9TH |
|
Bluff City Beasties batting - Pitching for Milwaukee Otters : RHP Marc Pisciotta
|
|
Pinch Hitting: SHB Brian McRae
|
0-0: Ball 1-0: Ball 2-0: Called Strike 2-1: Called Strike 2-2: Ground out 6-3 (Groundball, 6M, EV 81.9 MPH)
|
|
Batting: RHB Roberto Kelly
|
0-0: Ball 1-0: Called Strike 1-1: Fly out, F9 (Flyball, 9, EV 83.1 MPH)
|
|
Batting: SHB Felix Jose
|
0-0: Foul Ball, location: 2F 0-1: Ball 1-1: Ball 2-1: Swinging Strike 2-2: Foul Ball, location: 2F 2-2: Strikes out swinging
|
| Bottom of the 9th over - 0 runs, 0 hits, 0 errors, 0 left on base; Milwaukee 8 - Bluff City 8 |
| TOP OF THE 10TH |
|
Milwaukee Otters batting - Pitching for Bluff City Beasties : RHP Marty Janzen
|
|
Pitching: RHP Joe Hudson
|
|
|
Now in CF: Brian McRae
|
|
|
Batting: RHB Robby Thompson
|
0-0: Foul Ball, location: 2F 0-1: Foul Ball, location: 2F 0-2: Ball 1-2: Foul Ball, location: 2F 1-2: Ball 2-2: Fly out, F3 (Popup, 3S, EV 68.1 MPH)
|
|
Batting: SHB Desi Relaford
|
0-0: SINGLE (Line Drive, 3D, EV 96.9 MPH)
|
|
Pinch Hitting: LHB Frank Catalanotto
|
0-0: Ball 1-0: Ball 2-0: Fly out, F9 (Line Drive, 9, EV 110.0 MPH)
|
|
Batting: RHB Brian Harper
|
0-0: Called Strike 0-1: SINGLE (Groundball, 6, EV 85.0 MPH) (infield hit) Desi Relaford to second
|
|
Batting: RHB Chris Sabo
|
0-0: Foul Ball, location: 2F 0-1: Ball 1-1: Ball 2-1: SINGLE (Line Drive, 7LM, EV 96.3 MPH) Desi Relaford to third Brian Harper to second Runner from 3rd tries for Home, SAFE, throw by LF to home
|
|
Batting: RHB Carlos A. Martinez
|
0-0: Ground out 1-3 (Groundball, 23, EV 88.8 MPH)
|
| Top of the 10th over - 1 run, 3 hits, 0 errors, 2 left on base; Milwaukee 9 - Bluff City 8 |
| BOTTOM OF THE 10TH |
|
Bluff City Beasties batting - Pitching for Milwaukee Otters : RHP Marc Pisciotta
|
|
Now at 3B: Tony Graffanino
|
|
|
Now in LF: Deion Sanders
|
|
|
Batting: LHB Jeff Treadway
|
0-0: Ball 1-0: Foul Ball, location: 2F 1-1: Foul Ball, location: 2F 1-2: SINGLE (Groundball, 4MD, EV 102.5 MPH)
|
|
Pitching: LHP Mike Myers
|
|
|
Now in LF: Mark E Smith
|
|
|
Batting: LHB Phil Plantier
|
0-0: Ball 1-0: Foul Ball, location: 2F 1-1: Foul Ball, location: 2F 1-2: Ball 2-2: Ball 3-2: Grounds into double play, 4-6-3 (Groundball, 34D, EV 85.6 MPH)
|
|
Batting: LHB Paul Sorrento
|
0-0: Foul Ball, location: 2F 0-1: Swinging Strike 0-2: Foul Ball, location: 2F 0-2: Ball 1-2: Ball 2-2: Ball 3-2: Ground out 6-3 (Groundball, 6M, EV 87.5 MPH)
|
| Bottom of the 10th over - 0 runs, 1 hit, 0 errors, 0 left on base; Milwaukee 9 - Bluff City 8 |
|